 Dungeon Crawl Stone Soup version 0.30-a0-269-gf0224bf7b6 (webtiles) character file.

Game seed: 2039437283393860379

5325 purpskrrrp the Grappler (level 10, -6/91 HPs)
             Began as a Ghoul Monk on Oct 14, 2022.
             Was a Priest of Dithmenos.
             Mangled by a death yak (18 damage)
             ... on level 9 of the Dungeon.
             The game lasted 00:16:49 (8593 turns).

purpskrrrp the Grappler (Ghoul Monk)                Turns: 8593, Time: 00:16:49

Health: -6/91      AC:  3    Str: 17    XL:     10   Next: 64%
Magic:  9/9        EV: 14    Int:  5    God:    Dithmenos [***...]
Gold:   552        SH:  5    Dex: 11    Spells: 9/9 levels left

rFire   . . .      SeeInvis .      - Unarmed
rCold   + . .      Faith    .    (no shield)
rNeg    + + +      Spirit   .    k - +0 leather armour of the Mauling Gods {+Inv Str-3 Slay+3}
rPois   ∞          Reflect  +    (no helmet)
rElec   .          Harm     .    (no cloak)
rCorr   .          Rampage  .    (no gloves)
Will    .....                    (no boots)
Stlth   ++........               g - amulet of reflection
HPRegen 0.00/turn                i - +4 ring of slaying
MPRegen 0.11/turn                e - ring of flight

@: flying, inhibited regen, slowed, wreathed by umbra, very slow
A: claws 1, cold resistance 1, negative energy resistance 3, inhibited
regeneration, torment resistance 2, devour on kill
a: Renounce Religion, Evoke Invisibility, Shadow Step


You were on level 9 of the Dungeon.
You worshipped Dithmenos.
Dithmenos was most pleased with you.
You visited 1 branch of the dungeon, and saw 9 of its levels.
You also visited: Bailey.

You collected 552 gold pieces.

Inventory:

Armour
 a - a +0 robe
 k - the +0 leather armour of the Mauling Gods (worn) {+Inv Str-3 Slay+3}
   (You found it on level 3 of the Dungeon)

   Str:       It affects your strength (-3).
   Slay:      It affects your accuracy & damage with ranged weapons and melee
   (+3).
   +Inv:      It lets you turn invisible.
 l - a +2 ring mail
Jewellery
 e - a ring of flight (right claw)
 g - an amulet of reflection (around neck)
 i - a +4 ring of slaying (left claw)
 j - a ring of magical power
 t - a ring of ice
 y - a ring of see invisible
Wands
 z - a wand of paralysis (5)
 A - a wand of light (4)
Scrolls
 b - 2 scrolls of enchant armour
 c - 2 scrolls of silence
 d - 4 scrolls of enchant weapon
 n - 4 scrolls of teleportation
 o - 3 scrolls of summoning
 p - a scroll of amnesia
 x - a scroll of noise {unknown}
Potions
 f - 4 potions of mutation
 h - a potion of cancellation
 m - a potion of degeneration
 q - a potion of brilliance {unknown}
 r - 2 potions of berserk rage {unknown}
 s - 2 potions of flight {unknown}
 u - 3 potions of invisibility {unknown}
 v - 3 potions of magic {unknown}
 w - 2 potions of might


   Skills:
 + Level 9.2 Fighting
 + Level 7.6 Dodging
 - Level 2.1 Stealth
 * Level 12.3 Unarmed Combat


You had 9 spell levels left.
You didn't know any spells.
Your spell library contained the following spells:

 Spells                   Type           Power      Damage    Failure   Level
 Freeze                   Ice            0%         1d3       54%         1
 Sandblast                Erth           0%         2d4       54%         1
 Passwall                 Tmut/Erth      0%         N/A       69%         2
 Frozen Ramparts          Ice            0%         1d1       89%         3
 Gell's Gravitas          Tloc           0%         N/A       89%         3
 Hailstorm                Conj/Ice       0%         3d3       89%         3
 Stone Arrow              Conj/Erth      0%         3d7       89%         3
 Teleport Other           Tloc           0%         N/A       89%         3
 Dispersal                Tloc           0%         N/A       100%        6
 Malign Gateway           Summ/Tloc      0%         N/A       100%        7
 Summon Hydra             Summ           0%         N/A       100%        7
 Summon Horrible Things   Summ           0%         N/A       100%        8
 Sublimation of Blood     Necr           Unusable   N/A       N/A         2
 Wereblood                Tmut           Unusable   N/A       N/A         2

Dungeon Overview and Level Annotations

Branches:
Dungeon (9/15)             Temple (0/1) D:6            Lair (0/5) D:9
 Bailey (visited)
    Orc: D:9-12

Altars:
Ashenzari
Dithmenos
Hepliaklqana
Makhleb
Sif Muna
Vehumet

Shops:
D:3 *[


Innate Abilities, Weirdness & Mutations

You are immune to poison.
You have sharp fingernails.
Your flesh is cold resistant. (rC+)
You are immune to negative energy. (rN+++)
You do not regenerate when monsters are visible.
You are immune to unholy pain and torment.
You thrive by killing the living.


Message History

You barely miss the death yak.
The yak bellows!
You block the wraith's attack. You block the death yak's attack.
The death yak bellows!
The yak bellows!
You mangle the death yak!!
The death yak is moderately wounded.
You block the wraith's attack. The death yak barely misses you.
You claw the death yak!
The death yak is moderately wounded.
The wraith hits you! The death yak completely misses you.
You claw the death yak! You claw the death yak.
The death yak is heavily wounded.
The death yak gores you! The wraith hits you. The death yak gores you!!
* * * LOW HITPOINT WARNING * * *
The death yak barely misses you. The yak gores you.
* * * LOW HITPOINT WARNING * * *
The death yak gores you!!
* * * LOW HITPOINT WARNING * * *
The wraith hits you.
* * * LOW HITPOINT WARNING * * *
You are too injured to fight recklessly!
You are too injured to fight recklessly!
You are too injured to fight recklessly!
You are too injured to fight recklessly!
You are too injured to fight recklessly!
You are too injured to fight recklessly!
You are too injured to fight recklessly!
You are too injured to fight recklessly!
You are too injured to fight recklessly!
You are too injured to fight recklessly!
You are too injured to fight recklessly!
You are too injured to fight recklessly!
You are too injured to fight recklessly!
You are too injured to fight recklessly!
Okay, then.
Okay, then.
Okay, then.
Okay, then.
You feel better. The wraith barely misses you. The death yak gores you!!
You die...

.###..# .# #..##
.###...###########
.................##
..####............#
..# #########....#
..# ##.$.## ..#
##...## ### #@Y..#
#....YWY.....#
#..#..YY.Y.... #
.......Y....
....#....?...
#......>.#....
#.........#...#
#.......... ... #


You could see 3 death yaks, 4 yaks and a wraith.

Vanquished Creatures
  Psyche (D:8)
  A shadow (D:7)
  2 wyverns
  3 yaks (D:9)
  A steam dragon (D:8)
  Duvessa (D:7)
  9 orc warriors
  2 water moccasins (D:7)
  A black bear (D:7)
  3 ice beasts
  2 sky beasts
  An ogre (D:5)
  A centaur (D:8)
  3 phantoms
  A kobold brigand (D:9)
  2 bullfrogs (D:6)
  A gnoll sergeant (D:7)
  5 scorpions
  9 wights
  Dowan (D:7)
  4 howler monkeys
  A jelly (D:5)
  4 hounds
  A gnoll bouda (D:5)
  3 iguanas
  Natasha (thrice) (D:2)
  6 orc wizards
  10 gnolls
  4 adders
  2 shadow imps
  2 white imps
  2 worms (D:2)
  A dart slug (D:4)
  33 orcs
  4 ball pythons
  3 endoplasms
  A giant cockroach (D:4)
  5 goblins
  8 hobgoblins
  3 quokkas
  5 bats
  A frilled lizard (D:3)
  9 kobolds
  3 rats
168 creatures vanquished.

Vanquished Creatures (others)
  An orc wizard (D:3)
1 creature vanquished.

Grand Total: 169 creatures vanquished

Notes
Turn   | Place    | Note
-------+----------+-------------------------------------------
     0 | D:1      | purpskrrrp the Ghoul Monk began the quest for the Orb.
     0 | D:1      | Reached XP level 1. HP: 19/19 MP: 0/0
   193 | D:1      | Reached XP level 2. HP: 26/26 MP: 1/1
   919 | D:2      | Noticed Natasha
   939 | D:2      | Killed Natasha
   940 | D:2      | Reached skill level 4 in Unarmed Combat
   940 | D:2      | Reached XP level 3. HP: 23/33 MP: 2/2
   944 | D:2      | Noticed Natasha
   954 | D:2      | Killed Natasha
   955 | D:2      | Reached XP level 4. HP: 20/40 MP: 3/3
  1527 | D:2      | Noticed Natasha
  1541 | D:2      | Killed Natasha
  1542 | D:2      | Reached XP level 5. HP: 14/46 MP: 4/4
  1827 | D:3      | Found Imecui's Assorted Antiques.
  1839 | D:3      | Found Weufix's Armour Emporium.
  1855 | D:3      | Reached skill level 5 in Unarmed Combat
  2008 | D:3      | Found a broken altar of Ashenzari.
  2072 | D:3      | Found a burning altar of Makhleb.
  2107 | D:3      | Identified the +0 leather armour of the Mauling Gods {+Inv
                  | Str-3 Slay+3}
  2463 | D:3      | Reached XP level 6. HP: 24/53 MP: 5/5
  2732 | D:4      | Reached skill level 6 in Unarmed Combat
  2857 | D:4      | Reached skill level 5 in Fighting
  2937 | D:4      | Reached XP level 7. HP: 54/61 MP: 6/6
  3339 | D:4      | Found a shimmering blue altar of Sif Muna.
  3379 | D:5      | Entered Level 5 of the Dungeon
  3546 | D:5      | Reached skill level 7 in Unarmed Combat
  3556 | D:5      | HP: 3/61 [ice beast (4)]
  3763 | D:5      | Reached XP level 8. HP: 67/70 MP: 7/7
  3867 | D:5      | Reached skill level 5 in Dodging
  3869 | D:5      | Reached skill level 8 in Unarmed Combat
  4317 | D:6      | Found a shadowy altar of Dithmenos.
  4351 | D:6      | Became a worshipper of Dithmenos the Shadowed
  4351 | D:6      | Reached * piety under Dithmenos
  4351 | D:6      | Reached ** piety under Dithmenos
  4620 | D:6      | Found a hazy altar of Hepliaklqana.
  4650 | D:6      | Reached skill level 9 in Unarmed Combat
  4657 | D:6      | Found a staircase to the Ecumenical Temple.
  5030 | D:7      | Reached XP level 9. HP: 79/79 MP: 8/8
  5243 | D:7      | Reached skill level 10 in Unarmed Combat
  5487 | D:7      | Noticed Dowan
  5493 | D:7      | Killed Dowan
  5493 | D:7      | Noticed Duvessa
  5501 | D:7      | Killed Duvessa
  5689 | D:7      | Found a radiant altar of Vehumet.
  5903 | D:8      | Reached *** piety under Dithmenos
  5904 | D:8      | Reached skill level 11 in Unarmed Combat
  6240 | D:8      | Reached XP level 10. HP: 61/88 MP: 9/9
  6367 | D:8      | Found a flagged portal.
  6383 | Bailey   | Entered a bailey
  6806 | Bailey   | HP: 2/90 [orc warrior/+0 halberd (15)]
  7596 | D:8      | Reached skill level 12 in Unarmed Combat
  7875 | D:8      | Noticed Psyche
  7883 | D:8      | Killed Psyche
  8584 | D:9      | Noticed a death yak
  8586 | D:9      | Found a staircase to the Lair.
  8586 | D:9      | Noticed a death yak
  8587 | D:9      | Noticed a death yak
  8592 | D:9      | HP: 2/91 [wraith (3)]
  8593 | D:9      | Mangled by a death yak

Illustrated notes

Levels and vault maps discovered:
D:1:      minmay_arrival_semitransparent, layout_loops_ring
D:2:      layout_basic, serial_forest, infiniplex_forest_join,
          infiniplex_forest_pool, infiniplex_forest_clump_small,
          infiniplex_forest_end_1, infiniplex_forest_zigzag_2, uniq_natasha
D:3:      layout_loops_cross, lemuel_round_altar, overflow_temple_1_default,
          serial_shops, shop, shop
D:4:      layout_cave_pools, led_sif_pool, nicolae_figureground_sparkle
D:5:      layout_cave_pools
D:6:      layout_rooms, grunt_dithmenos_shadows, nzn_hepliaklqana_mist_gate,
          minmay_temple_entry_butterflies, minivault_27
D:7:      layout_loops_cross, mainiacjoe_overflow_chevrons, lemuel_tele_altar,
          uniq_duvessa
D:8:      layout_gridville, enter_bailey_4, solitary_fountain,
          kennysheep_minor_cross, uniq_psyche
D:9:      layout_layer_cave, dpeg_lair_monsters, minivault_21

Skill      XL: |  1  2  3  4  5  6  7  8  9 10 |
---------------+-------------------------------+-----
Dodging        | 3 4 5 6 7 |  7.6
Unarmed Combat | 4 5 6 7 9 11 12 | 12.3
Fighting       | 4 5 7 8 9 |  9.2
Stealth        | |  2.1

Action                   |  1- 3 |  4- 6 |  7- 9 | 10-12 || total
-------------------------+-------+-------+-------+-------++-------
Melee: Unarmed           |    46 |   108 |   154 |   112 ||   420
       Punch             |     1 |     2 |     5 |     6 ||    14
Throw: Boomerang         |     5 |       |    55 |       ||    60
Evoke: Wand              |       |       |     5 |    15 ||    20
  Use: Scroll            |     5 |     2 |     9 |     3 ||    19
       Potion            |       |     3 |     1 |     9 ||    13
 Stab: Sleeping          |     5 |     1 |     2 |       ||     8
Armor: Robe              |     6 |       |       |       ||     6
       Ring mail         |     1 |    26 |       |       ||    27
       Leather armour    |       |     5 |    11 |    10 ||    26
Dodge: Dodged            |    29 |    64 |    83 |   116 ||   292
Block: Other             |       |    13 |    28 |    37 ||    78
       Reflection        |       |       |     1 |       ||     1

Table legend: (Time is in decaauts)
 A = Elapsed time spent in this place.
 B = Non-inter-level travel time spent in this place.
 C = Inter-level travel time spent in this place.
 D = Time resting spent in this place.
 E = Time spent auto-exploring this place.
 F = Levels seen in this place.
 G = Mean time per level.
                   A        B        C        D        E       F      G
               +--------+--------+--------+--------+--------+-----+--------+
         Total |   8525 |   8116 |    409 |   1166 |   5719 |  10 |  852.5 |
       Dungeon |   7917 |   7508 |    409 |    878 |   5579 |   9 |  879.7 |
        Bailey |    607 |    607 |      0 |    288 |    140 |   1 |  607.0 |
               +--------+--------+--------+--------+--------+-----+--------+

Top non-repeatable levels by time:
     D:7: 1256 daAuts
     D:8: 1168 daAuts
     D:2: 1040 daAuts
     D:3: 939 daAuts
     D:4: 840 daAuts
     D:5: 744 daAuts
     D:1: 723 daAuts
     D:6: 652 daAuts
  Bailey: 607 daAuts
     D:9: 551 daAuts
